 Dungeon Crawl Stone Soup version 0.25-a0-507-gf66f01b (webtiles) character file.

Game seed: 3719718943836643932, levelgen mode: deterministic

4440 2tousent the Destroyer (level 10, -1/45 HPs)
             Began as a Deep Elf Conjurer on Feb 14, 2020.
             Was a Believer of Hepliaklqana.
             Slain by an orc warrior
             ... wielding a +2 glaive of protection
              (24 damage)
             ... on level 8 of the Dungeon.
             The game lasted 00:33:51 (9527 turns).

2tousent the Destroyer (Deep Elf Conjurer)          Turns: 9527, Time: 00:33:52

Health: -1/45      AC:  3    Str:  5    XL:     10   Next: 14%
Magic:  4/26       EV: 18    Int: 24    God:    Hepliaklqana [**....]
Gold:   317        SH:  0    Dex: 15    Spells: 22/29 levels left

rFire    . . .     SeeInvis .   B - +3 quarterstaff (protect)
rCold    . . .     Gourm    .   (shield currently unavailable)
rNeg     . . .     Faith    .   a - +1 robe
rPois    .         Spirit   .   (no helmet)
rElec    .         Reflect  .   l - scarf {repulsion}
rCorr    .         Harm     .   (no gloves)
MR       +....                  (no boots)
Stlth    ++........             (no amulet)
HPRegen  0.15/turn              (no ring)
MPRegen  0.20/turn              (no ring)

@: repel missiles
A: reduced essence
a: Recall Ancestor, Ancestor Identity, Renounce Religion


You were on level 8 of the Dungeon.
You worshipped Hepliaklqana.
Hepliaklqana was pleased with you.
You were not hungry.

You visited 1 branch of the dungeon, and saw 8 of its levels.
You also visited: Ossuary.

You collected 493 gold pieces.
You spent 176 gold pieces at shops.

Inventory:

Hand Weapons
 r - a +0 quarterstaff
 B - a +3 quarterstaff of protection (weapon)
Missiles
 e - a throwing net (quivered)
Armour
 a - a +1 robe (worn)
 l - a scarf of repulsion (worn)
Jewellery
 C - a +2 ring of evasion
Wands
 h - a wand of random effects (7)
 n - a wand of clouds (5)
 A - a wand of flame (12)
 F - a wand of iceblast (7)
Scrolls
 b - 4 scrolls of identify
 g - 3 scrolls of remove curse
 i - a scroll of amnesia
 j - 2 scrolls of enchant armour
 k - 2 scrolls of enchant weapon
 m - 5 scrolls of teleportation
 t - 2 scrolls of immolation
 y - 2 scrolls of magic mapping
Potions
 d - 3 potions of heal wounds
 f - 3 potions of mutation
 o - 2 potions of degeneration
 p - a potion of flight
 q - 5 potions of lignification
 s - a potion of invisibility
 u - 4 potions of curing
 v - a potion of haste {unknown}
 w - 2 potions of brilliance
 x - a potion of resistance
 z - a potion of magic
 E - a potion of might
Comestibles
 c - 14 rations
 D - 5 chunks of flesh


   Skills:
 + Level 9.2 Dodging
 - Level 2.4 Stealth
 + Level 10.1 Spellcasting
 * Level 12.0 Conjurations


You had 22 spell levels left.
You knew the following spells:

 Your Spells              Type           Power        Failure   Level  Hunger
a - Magic Dart            Conj           ####         1%          1    None
b - Searing Ray           Conj           ######       1%          2    None
c - Fulminant Prism       Conj/Hex       #####.....   4%          4    #......

Your spell library contained the following spells:

 Spells                   Type           Power        Failure   Level  Hunger
 Dazzling Flash           Conj/Hex       #####.       1%          3    None
 Iskenderun's Mystic Bla  Conj/Tloc      #####...     4%          4    #......


Dungeon Overview and Level Annotations

Branches:
Dungeon (8/15)             Temple (0/1) D:5         Ossuary (visited)
   Lair: D:8-11

Altars:
Ashenzari
Dithmenos
Fedhas
Gozag
Hepliaklqana
Qazlal
Trog
Vehumet
Zin

Shops:
D:4 [   D:5 :   D:6 *

Annotations:
D:3 3 runed translucent doors, Hisoka's ghost, weakling DEHu


Message History

Aiming: Fulminant Prism (safe; 4% risk of failure)
Press: ? - help, Dir - move target cursor, p - orc warrior You conjure a prism of explosive energy!
A fulminant prism comes into view.
The orc warrior hits Msizi with a +2 glaive of protection!
Msizi is destroyed!
Casting: Fulminant Prism (safe; 4% risk of failure)
Confirm with . or Enter, or press ? or * to list all spells.
Aiming: Searing Ray (safe; 1% risk of failure)
Press: ? - help, Shift-Dir - straight line, f - orc warrior
Aim: an orc warrior, wielding a +2 glaive of protection and wearing a +3 plate armour (severely wounded)
The searing ray hits the orc warrior but does no damage.
The orc warrior is severely wounded. (Press . to maintain the ray.)
Your fulminant prism crackles loudly.
The searing ray hits the orc warrior.
The orc warrior is almost dead.
The orc warrior hits you from afar with a +2 glaive of protection!!
Ouch! That really hurt!
You die...

.............##.#######.
........................
#######.####.##.#####.#.
.# #.........# .#
#######.### .# #..# ##
.# ##.####.# .#
#.......# .#
####...@...# .#
...........# .#
#.######o#..# ## #)*..#
)#...# . ...# .. ...# ..
...) ... .....


You could see an orc warrior and a friendly fulminant prism.

Vanquished Creatures
  Sigmund (D:6)
  2 orc warriors (D:6)
  2 black bears (D:6)
  A necrophage (D:8)
  A phantom (D:5)
  An ice beast (D:6)
  2 ogres
  2 centaurs (D:7)
  A big kobold (D:8)
  5 bullfrogs
  7 scorpions (Ossuary)
  3 killer bees (D:7)
  A howler monkey (D:5)
  2 crimson imps
  2 centaur zombies (Ossuary)
  A bullfrog zombie (D:8)
  4 hounds
  2 centaur skeletons
  3 human zombies (Ossuary)
  An orc priest (D:8)
  A jelly (D:5)
  2 bullfrog skeletons
  5 orc wizards
  Natasha (thrice) (D:2)
  An iguana (D:7)
  9 worker ants
  A hound zombie (D:5)
  3 mummies (Ossuary)
  2 scorpion zombies (Ossuary)
  4 adders
  3 ancestors
  2 oozes (D:1)
  An adder zombie (D:6)
  A worm (D:3)
  3 dart slugs
  7 leopard geckos
  30 orcs
  A ball python (D:2)
  10 bats
  7 giant cockroaches
  7 goblins
  7 hobgoblins
  19 jackals
  15 kobolds
  2 quokkas
  5 frilled lizards
  3 goblin zombies (Ossuary)
  6 hobgoblin zombies (Ossuary)
  A kobold zombie (Ossuary)
  A leopard gecko skeleton (D:4)
  A quokka skeleton (D:8)
  2 rats
  2 rat zombies (D:4)
211 creatures vanquished.

Vanquished Creatures (collateral kills)
  Joseph (D:7)
  A centaur skeleton (D:8)
  A spriggan (D:7)
  An eye of draining (D:8)
  2 centaurs
  A killer bee (D:7)
  A howler monkey (D:4)
  A centaur zombie (Ossuary)
  A bullfrog skeleton (D:8)
  A hound skeleton (D:8)
  An orc (D:8)
  A jackal (D:7)
13 creatures vanquished.

Vanquished Creatures (others)
  A knight (D:8)
  2 ancestors (Ossuary)
  38 fulminant prisms
41 creatures vanquished.

Grand Total: 265 creatures vanquished

Notes
Turn   | Place    | Note
-------+----------+-------------------------------------------
     0 | D:1      | 2tousent the Deep Elf Conjurer began the quest for the Orb.
     0 | D:1      | Reached XP level 1. HP: 10/10 MP: 6/6
   109 | D:1      | Reached XP level 2. HP: 7/15 MP: 1/8
   275 | D:1      | Learned a level 2 spell: Searing Ray
   933 | D:1      | Reached skill level 5 in Conjurations
   933 | D:1      | Reached XP level 3. HP: 19/19 MP: 5/10
  1517 | D:2      | Noticed Natasha
  1520 | D:2      | Killed Natasha
  1679 | D:2      | Noticed Natasha
  1683 | D:2      | Killed Natasha
  1683 | D:2      | Reached XP level 4. HP: 24/24 MP: 8/12
  1768 | D:2      | Found a shadowy altar of Dithmenos.
  1955 | D:2      | Noticed Natasha
  1959 | D:2      | Killed Natasha
  2018 | D:2      | Learned a level 4 spell: Fulminant Prism
  2173 | D:2      | Found an opulent altar of Gozag.
  2664 | D:3      | Found a runed translucent gate.
  2664 | D:3      | Found a runed translucent gate.
  2667 | D:3      | Reached XP level 5. HP: 28/28 MP: 8/13
  2840 | D:3      | Found a runed translucent gate.
  2840 | D:3      | Found an opulent altar of Gozag.
  2841 | D:3      | Noticed a centaur
  2844 | D:3      | Noticed Hisoka's ghost (weakling DEHu)
  3154 | D:3      | Reached skill level 6 in Conjurations
  3443 | D:3      | Found a hazy altar of Hepliaklqana.
  3574 | D:3      | Became a worshipper of Hepliaklqana the Forgotten
  3819 | D:3      | Found a stormy altar of Qazlal.
  3819 | D:3      | Found a glowing silver altar of Zin.
  3820 | D:3      | Found a blossoming altar of Fedhas.
  4102 | D:4      | Reached skill level 5 in Spellcasting
  4102 | D:4      | Reached XP level 6. HP: 28/28 MP: 8/15
  4112 | D:4      | Found Ureug's Antique Armour Boutique.
  4124 | D:4      | Bought a runed scarf for 176 gold pieces
  4211 | D:4      | Found a sand-covered staircase.
  4220 | Ossuary  | Entered an ossuary
  4493 | Ossuary  | Reached skill level 7 in Conjurations
  4600 | Ossuary  | Reached XP level 7. HP: 32/32 MP: 7/17
  4601 | Ossuary  | Reached skill level 5 in Dodging
  5275 | Ossuary  | Reached skill level 8 in Conjurations
  5652 | D:4      | Reached XP level 8. HP: 36/36 MP: 2/20
  6260 | D:5      | Entered Level 5 of the Dungeon
  6293 | D:5      | Found a staircase to the Ecumenical Temple.
  6361 | D:5      | Reached skill level 9 in Conjurations
  6632 | D:5      | Found a radiant altar of Vehumet.
  6781 | D:5      | Found Omaul's Book Boutique.
  6924 | D:5      | Found a hazy altar of Hepliaklqana.
  7003 | D:5      | Reached * piety under Hepliaklqana
  7203 | D:6      | Found Ruilir's Lightly-Used Armoury.
  7229 | D:6      | Noticed Sigmund
  7237 | D:6      | Killed Sigmund
  7239 | D:6      | Reached skill level 10 in Conjurations
  7251 | D:6      | Reached XP level 9. HP: 26/40 MP: 2/23
  7469 | D:6      | Found a bloodstained altar of Trog.
  7523 | D:6      | Found a shattered altar of Ashenzari.
  7954 | D:6      | Reached ** piety under Hepliaklqana
  7955 | D:6      | Remembered your ancestor Msizi as a knight
  8271 | D:7      | Noticed Joseph
  8283 | D:7      | Killed Joseph
  8445 | D:7      | Reached skill level 11 in Conjurations
  9322 | D:8      | Reached XP level 10. HP: 45/45 MP: 5/25
  9400 | D:8      | Reached skill level 10 in Spellcasting
  9404 | D:8      | Reached skill level 12 in Conjurations
  9527 | D:8      | Slain by an orc warrior

Levels and vault maps discovered:
D:1:      dpeg_arrival_tiny_k, layout_basic
D:2:      layout_basic, nicolae_gozag_cash_rules_everything_around_me,
          lemuel_doored_altar, uniq_natasha
D:3:      layout_rooms, nicolae_overflow_crystal_walls,
          nicolae_overflow_hidden_temple, first_ration, ebering_ghost_gozag,
          minmay_fractal_squares_gapless_5
D:4:      layout_basic, enter_ossuary_4, serial_shops,
          nicolae_shop_overgrown_old_shop, minmay_misc_feat_rugged, minmay_bent
D:5:      layout_loops_ring, vehumet_altar_wand_db,
          minmay_temple_entry_large_hall, basic_altar, serial_shops,
          kennysheep_mini_moat, kennysheep_generic_room_14
D:6:      layout_gridville, nicolae_ashenzari_panopticon, trog_ov_bears_minmay,
          minmay_shop_damaged, uniq_sigmund
D:7:      layout_basic, the_bakery, uniq_joseph
D:8:      layout_basic, eat_drink_and_be_merry_uskayaw,
          kennysheep_generic_room_8, uniq_maggie

Skill      XL: |  1  2  3  4  5  6  7  8  9 10 |
---------------+-------------------------------+-----
Dodging        | 3 4 5 7 9 |  9.2
Conjurations   | 5 6 7 8 10 11 12 | 12.0
Spellcasting   | 4 5 6 8 9 10 | 10.1
Stealth        | |  2.4

Action                   |  1- 3 |  4- 6 |  7- 9 | 10-12 || total
-------------------------+-------+-------+-------+-------++-------
Melee: Unarmed           |     1 |    18 |     3 |       ||    22
       Quarterstaff      |       |       |     1 |    18 ||    19
 Cast: Magic Dart        |    29 |     6 |     9 |     1 ||    45
       Searing Ray       |    19 |    37 |    64 |     5 ||   125
       Fulminant Prism   |       |    16 |    20 |     3 ||    39
Invok: Ancestor Life: Kn |       |       |     1 |       ||     1
  Use: Scroll            |       |     7 |    16 |       ||    23
       Potion            |       |       |     1 |       ||     1
  Eat: Chunk             |     3 |     8 |    11 |       ||    22
       Ration            |       |     1 |     2 |       ||     3
Armor: Robe              |     3 |     4 |     4 |     2 ||    13
Dodge: Dodged            |    11 |    50 |    51 |    33 ||   145
       Deflected         |       |       |     5 |     2 ||     7

Table legend:
 A = Non-vault XP
 B = Vault XP
 C = Vault XP percentage of total XP
 D = Non-vault monster count
 E = Vault monster count
 F = Vault count percentage of total count
                 A         B        C        D         E       F
            +---------+---------+-------+---------+---------+-------
      Total |    4285 |    2058 |  32.4 |     177 |      43 |  19.5
            +---------+---------+-------+---------+---------+-------
        D:1 |      47 |       0 |   0.0 |      18 |       0 |   0.0
        D:2 |     115 |      35 |  23.3 |      26 |       1 |   3.7
        D:3 |      87 |       2 |   2.2 |      24 |       2 |   7.7
        D:4 |     425 |      53 |  11.1 |      20 |       7 |  25.9
        D:5 |     626 |       2 |   0.3 |      19 |       1 |   5.0
        D:6 |     695 |     475 |  40.6 |      20 |       3 |  13.0
        D:7 |     685 |     663 |  49.2 |      13 |       2 |  13.3
        D:8 |    1605 |       0 |   0.0 |      37 |       0 |   0.0
    Ossuary |       0 |     828 | 100.0 |       0 |      27 | 100.0
            +---------+---------+-------+---------+---------+-------
